 Dungeon Crawl Stone Soup version 0.24.1-14-gf8d2b509d9 (webtiles) character file.

Game seed: 2296877848495807996, levelgen mode: deterministic

1911 Peloso the Slasher (level 8, -9/67 HPs)
             Began as a Demigod Fighter on May 25, 2020.
             Blown up by Joseph (33 damage)
             ... with a disintegration bolt
             ... on level 7 of the Dungeon.
             The game lasted 00:11:11 (5672 turns).

Peloso the Slasher (Demigod Fighter)                Turns: 5672, Time: 00:11:12

Health: -9/67      AC: 15    Str: 28    XL:     8   Next: 63%
Magic:  10/10      EV:  8    Int: 12    God:
Gold:   506        SH: 11    Dex: 15    Spells: 7/7 levels left

rFire    . . .     SeeInvis .   a - +0 long sword
rCold    + . .     Gourm    .   c - +0 shield
rNeg     . . .     Faith    .   l - +0 chain mail
rPois    .         Spirit   .   (no helmet)
rElec    .         Reflect  .   (no cloak)
rCorr    .         Harm     .   w - +0 pair of gloves
MR       .....                  (no boots)
Stlth    ..........             (no amulet)
HPRegen  0.21/turn              o - ring of protection from cold
MPRegen  0.12/turn              s - +4 ring of protection

@: mighty, lethally poisoned (-9 -> -11)
A: high mp 1
a: no special abilities


You were on level 7 of the Dungeon.
You were not hungry.

You visited 1 branch of the dungeon, and saw 7 of its levels.

You collected 506 gold pieces.

Inventory:

Hand Weapons
 a - a +0 long sword (weapon)
Armour
 b - a +0 scale mail
 c - a +0 shield (worn)
 l - a +0 chain mail (worn)
 w - a +0 pair of gloves (worn)
Jewellery
 o - a ring of protection from cold (left hand)
 s - a +4 ring of protection (right hand)
 z - a +3 amulet of reflection {unknown}
 A - a cursed -3 ring of slaying {unknown}
Wands
 t - a wand of clouds (3)
 y - a wand of flame (7)
Scrolls
 e - 2 scrolls of amnesia {unknown}
 g - 2 scrolls of fog {unknown}
 i - 4 scrolls of remove curse {unknown}
 j - a scroll of magic mapping {unknown}
 m - 7 scrolls of identify
 n - a scroll of immolation {unknown}
 r - 2 scrolls of enchant weapon {unknown}
 v - 2 scrolls of blinking {unknown}
 B - a scroll of vulnerability {unknown}
Potions
 h - a potion of heal wounds
 k - 2 potions of curing
 p - a potion of haste
 q - a potion of flight
 u - a potion of invisibility
 x - a potion of resistance
Comestibles
 f - 12 rations
 C - 2 chunks of flesh


   Skills:
 + Level 4.5 Fighting
 + Level 6.2 Long Blades
 + Level 6.0 Armour
 + Level 2.2 Dodging
 + Level 0.5 Stealth
 + Level 5.8 Shields


You had 7 spell levels left.
You didn't know any spells.
Your spell library contained the following spells:

 Spells                   Type           Power        Failure   Level  Hunger
 Animate Skeleton         Necr           N/A          99%         1    ##.....
 Apportation              Tloc           #.....       99%         1    ##.....
 Confusing Touch          Hex            #.....       99%         1    ##.....
 Summon Small Mammal      Summ           #...         99%         1    ##.....


Dungeon Overview and Level Annotations

Branches:
Dungeon (7/15)
 Temple: D:4-7

Annotations:
D:7 Joseph


Innate Abilities, Weirdness & Mutations

You have an increased reservoir of magic. (+10% MP)


Message History

You slash the howler monkey!
The howler monkey is severely wounded.
You feel sick.
The howler monkey hits you but does no damage.
The howler monkey closely misses you.
You riposte.
You hit the howler monkey.
You kill the howler monkey!
Joseph hits you with a +0 quarterstaff.
Things that are here:
a killer bee corpse x2
You hit Joseph.
Joseph is lightly wounded.
You feel sick. Joseph hits you but does no damage.
You slash Joseph!
Joseph is moderately wounded.
Joseph says, "It's nothing personal."
You block Joseph's attack.
You slash Joseph!
Joseph is moderately wounded.
You feel sick.
Joseph zaps a wand.
You are blasted!
You die...

##.........
...........
##..........
..........# ........#
......###
#.####.#...... #[
#..$..@..# #.#
######@### #.# ##'##
#.# ##...## ##.#
##.....##
###..#####.......#
####.......#.........#
...........'.........+
###....##.#.........#
#.#.###.##.......##


You could see Joseph.

Vanquished Creatures
  Prince Ribbit (D:6)
  Edmund (D:5)
  A black bear (D:6)
  A phantom (D:5)
  2 ice beasts (D:6)
  An ogre (D:7)
  2 centaurs
  2 bullfrogs (D:6)
  4 killer bees (D:7)
  3 howler monkeys
  2 orc priests
  A centaur skeleton (D:4)
  An iguana (D:6)
  3 worker ants
  6 orc wizards
  A hound skeleton (D:4)
  4 worker ant zombies
  Robin (D:3)
  8 adders
  An ooze (D:1)
  2 adder skeletons (D:3)
  2 worms
  2 dart slugs
  6 leopard geckos
  8 orcs
  4 ball pythons
  6 giant cockroaches
  13 hobgoblins
  4 jackals (D:4)
  9 kobolds
  4 quokkas
  7 bats
  5 frilled lizards
  13 goblins
  A jackal skeleton (D:4)
  A leopard gecko skeleton (D:3)
  A quokka skeleton (D:3)
  A quokka zombie (D:5)
  7 rats
142 creatures vanquished.

Vanquished Creatures (others)
  4 toadstools (D:1)
4 creatures vanquished.

Grand Total: 146 creatures vanquished

Notes
Turn   | Place    | Note
-------+----------+-------------------------------------------
     0 | D:1      | Peloso the Demigod Fighter began the quest for the Orb.
     0 | D:1      | Reached XP level 1. HP: 18/18 MP: 3/3
   210 | D:1      | Reached XP level 2. HP: 24/25 MP: 4/4
   736 | D:2      | Reached XP level 3. HP: 14/30 MP: 5/5
  1371 | D:3      | Reached XP level 4. HP: 24/38 MP: 6/6
  1506 | D:3      | Noticed Robin
  1545 | D:3      | Killed Robin
  1828 | D:3      | Reached XP level 5. HP: 35/45 MP: 7/7
  2185 | D:4      | Reached skill level 1 in Dodging
  2526 | D:4      | Found a roughly hewn altar of Beogh.
  2546 | D:4      | Reached XP level 6. HP: 38/51 MP: 8/8
  2748 | D:5      | Entered Level 5 of the Dungeon
  3057 | D:5      | Noticed Edmund
  3084 | D:5      | Killed Edmund
  3084 | D:5      | Reached XP level 7. HP: 13/57 MP: 9/9
  3817 | D:6      | Reached skill level 5 in Long Blades
  3859 | D:6      | Found a radiant altar of Vehumet.
  4253 | D:6      | Reached skill level 5 in Armour
  4267 | D:6      | Reached skill level 5 in Shields
  4455 | D:6      | Found a snail-covered altar of Cheibriados.
  4539 | D:6      | Reached XP level 8. HP: 57/66 MP: 10/10
  5265 | D:7      | Noticed Prince Ribbit
  5304 | D:6      | Killed Prince Ribbit
  5630 | D:7      | Noticed Joseph
  5672 | D:7      | Blown up by Joseph

Levels and vault maps discovered:
D:1:      ldierk_water_garden, layout_loops_ring, minmay_small_reverse_x
D:2:      layout_loops_cross
D:3:      layout_rooms, serial_undead, serial_undead_d, serial_undead_b,
          serial_undead_a, serial_undead_d, uniq_robin
D:4:      layout_basic, chequers_serial_rivers_micro_a, kennysheep_orc_chapel
D:5:      layout_loops_cross, first_ration, minmay_door_square, fountainhead,
          uniq_edmund
D:6:      layout_gridville, cheibrodos_worm_habitat, vehumet_altar_wand_db
D:7:      layout_loops_corners, minmay_temple_entry_fiery, uniq_prince_ribbit1,
          uniq_crazy_yiuf_cottage, uniq_joseph

Skill      XL: |  1  2  3  4  5  6  7  8 |
---------------+-------------------------+-----
Long Blades    | 2 3 4 5 6 |  6.2
Armour         | 3 4 5 6 |  6.0
Fighting       | 3 4 |  4.5
Shields        | 3 4 5 |  5.8
Dodging        | 1 2 |  2.2
Stealth        | |  0.5

Action                   |  1- 3 |  4- 6 |  7- 9 || total
-------------------------+-------+-------+-------++-------
Melee: Long sword        |   158 |   299 |   259 ||   716
  Use: Potion            |     3 |     1 |     4 ||     8
       Scroll            |       |       |     3 ||     3
  Eat: Chunk             |     1 |     6 |     7 ||    14
       Ration            |       |       |     1 ||     1
Armor: Scale mail        |    59 |       |       ||    59
       Chain mail        |    43 |   210 |   186 ||   439
Dodge: Dodged            |    58 |    57 |    79 ||   194
Block: Shield            |   102 |   156 |   168 ||   426
       Rpst.: Long sword |    18 |    21 |    20 ||    59
